 Dungeon Crawl Stone Soup version 0.30.0-29-ga12c61a403 (webtiles) character file.

Game seed: 2267764657719565594

6354 Fodor the Basher (level 10, -1/86 HPs)
             Began as a Minotaur Fighter on June 19, 2023.
             Was an Initiate of Gozag.
             Slain by an orc warrior
             ... wielding a +0 battleaxe
              (12 damage)
             ... on level 10 of the Dungeon.
             The game lasted 00:59:16 (12569 turns).

Fodor the Basher (Minotaur Fighter)                Turns: 12569, Time: 00:59:18

Health: -1/86      AC:  8    Str: 22    XL:     10   Next: 65%
Magic:  9/9        EV:  9    Int:  5    God:    Gozag
Gold:   767        SH: 16    Dex: 13    Spells: 9/9 levels left

rFire   + . .        m - +4 flail (protect)
rCold   . . .        j - +0 kite shield
rNeg    + . .        c - +0 chain mail
rPois   .            (helmet restricted)
rElec   .            k - scarf of Lugonu's Reproof {repulsion, +Inv rF+}
rCorr   .            r - +0 pair of gloves
SInv    .            (no boots)
Will    +....        p - amulet of reflection Stlth
                     i - ring of positive energy
HPRegen 0.34/turn    o - ring of willpower
MPRegen 0.11/turn

%: repel missiles, reflection
@: corroded
A: horns 2, retaliatory headbutt
a: Renounce Religion, Evoke Invisibility, Potion Petition, Call Merchant, Bribe
Branch


You were on level 10 of the Dungeon.
You worshipped Gozag.
Gozag was pleased with you.
You visited 2 branches of the dungeon, and saw 11 of its levels.

You collected 1001 gold pieces.
You spent 70 gold pieces at shops.
You paid 164 gold pieces to Gozag.

Inventory:

Hand Weapons
 b - a +0 shortbow
 m - a +4 flail of protection (weapon)
 y - a +5 falchion
Missiles
 a - 2 throwing nets
 u - 8 poisoned darts
Armour
 c - a +0 chain mail (worn)
 j - a +0 kite shield (worn)
 k - the scarf of Lugonu's Reproof (worn) {repulsion, +Inv rF+}
   (You acquired it on level 5 of the Dungeon)

   rF:        It protects you from fire.
   +Inv:      It lets you turn invisible.
 l - a +1 plate armour of fire resistance
 r - a +0 pair of gloves (worn)
Jewellery
 i - a ring of positive energy (left hand)
 o - a ring of willpower (right hand)
 p - an amulet of reflection (around neck)
 F - a ring of poison resistance
Wands
 s - a wand of iceblast (8)
 A - a wand of flame (13)
Scrolls
 e - a scroll of butterflies
 g - a scroll of immolation
 h - 4 scrolls of teleportation
 n - 3 scrolls of fear
 w - 3 scrolls of fog
 z - a scroll of magic mapping {unknown}
 C - a scroll of enchant armour {unknown}
Potions
 f - 2 potions of lignification
 q - a potion of berserk rage
 t - 2 potions of ambrosia {unknown}
 v - a potion of heal wounds {unknown}
 x - a potion of experience {unknown}
 B - a potion of brilliance {unknown}
 E - a potion of haste
Miscellaneous
 D - a phial of floods


   Skills:
 + Level 7.3 Fighting
 + Level 3.2 Long Blades
 + Level 10.9 Maces & Flails
 + Level 2.1 Ranged Weapons
 + Level 9.4 Armour
 + Level 4.6 Dodging
 + Level 1.8 Stealth
 + Level 10.4 Shields


You had 9 spell levels left.
You didn't know any spells.
Your spell library contained the following spells:

 Spells                   Type           Power      Damage    Failure   Level
 Freeze                   Ice            0%         1d3       99%         1
 Blink                    Tloc           0%         N/A       100%        2
 Ensorcelled Hibernation  Hex/Ice        0%         N/A       100%        2
 Dazzling Flash           Conj/Hex       0%         N/A       100%        3
 Frozen Ramparts          Ice            0%         1d1       100%        3
 Hailstorm                Conj/Ice       0%         3d3       100%        3
 Spider Form              Tmut/Pois      0%         N/A       100%        3
 Anguish                  Hex/Necr       0%         N/A       100%        4
 Ice Form                 Ice/Tmut       0%         N/A       100%        4
 Manifold Assault         Tloc           0%         N/A       100%        4
 Agony                    Necr           0%         N/A       100%        5
 Silence                  Hex/Air        0%         N/A       100%        5
 Storm Form               Tmut/Air       0%         N/A       100%        7
 Simulacrum               Ice/Necr       Unusable   N/A       N/A         6

Dungeon Overview and Level Annotations

Branches:
Dungeon (10/15)            Temple (1/1) D:7
   Lair: D:8-11         Orc: D:9-12

Altars:
Ashenzari
Cheibriados
Dithmenos
Elyvilon
Fedhas
Gozag
Hepliaklqana
Kikubaaqudgha
Makhleb
Nemelex Xobeh
Okawaru
Qazlal
Ru
Sif Muna
Trog
Uskayaw
Vehumet
Wu Jian
Xom
Yredelemnul
Zin
The Shining One

Shops:
D:3 *((   D:4 =

Portals:
Bailey: D:10


Innate Abilities, Weirdness & Mutations

You have a pair of horns on your head.
You reflexively headbutt those who attack you in melee.


Message History

The acid dragon spits acid at you.
You block splash of acid... and reflect it back!
The splash of acid hits the acid dragon!
The orc warrior hits you with a +0 scimitar of holy wrath.
* * * LOW HITPOINT WARNING * * *
The orc warrior attacks as you move away!
You block the orc warrior's attack.
The orc warrior attacks as you move away!
You block the orc warrior's attack. The orc attacks as you move away!
You block the orc's attack.
You are no longer corroded.
The orc warrior attacks as you move away!
You block the orc warrior's attack.
The orc warrior attacks as you move away!
The orc warrior hits you but does no damage.
The orc attacks as you move away! You block the orc's attack.
You block the orc's attack. The ogre barely misses you.
You block the orc's attack.
You feel better. You block the orc's attack. The orc closely misses you.
You block the orc warrior's attack. The ogre hits you with a +0 giant club!
* * * LOW HITPOINT WARNING * * *
You feel better. The acid dragon spits acid at you.
The splash of acid hits you!!
* * * LOW HITPOINT WARNING * * *
The acid corrodes you! You block the orc's attack. x2
You block the orc warrior's attack. You block the orc's attack.
The orc warrior hits you with a +0 battleaxe!
* * * LOW HITPOINT WARNING * * *
The orc warrior hits you from afar with a +0 trident.
* * * LOW HITPOINT WARNING * * *
You feel better. You block the orc's attack.
You block the acid dragon's attack.
The acid dragon claws you but does no damage.
The ogre closely misses you. You block the orc's attack.
The orc warrior hits you but does no damage.
You block the orc's attack. The orc closely misses you.
The orc warrior hits you with a +0 battleaxe!
You die...
Your body crumbles into a pile of gold.

### ##.#### #.....##
##oo....# ##oo@oo..#
####.oOoD...#
.#######....oooo...#
...................#
..................#
>.....##..........#
#.. # ##..........# ##
#.# ##....o......#
.###.####............#


You could see 3 orc warriors, an acid dragon (catching breath), an ogre and 10
orcs.

Vanquished Creatures
  A two-headed ogre (D:9)
  The ghost of monsoonserge the Cutter, a novice MfGl of Gozag (D:5)
  Joseph (D:7)
  Psyche (D:8)
  2 kobold demonologists (D:9)
  2 trolls
  A wraith (D:10)
  A wyvern (D:9)
  4 yaks (D:9)
  Grum (D:10)
  2 black bears
  2 orc warriors
  2 wolves (D:10)
  An ogre (D:7)
  2 phantoms (D:6)
  A kobold brigand (D:9)
  A gnoll sergeant (D:4)
  2 scorpions (D:4)
  4 wights (D:7)
  5 killer bees (D:8)
  6 hounds
  3 jellies
  2 gnoll boudas (D:4)
  5 orc priests
  4 iguanas
  2 sleepcaps
  11 orc wizards
  27 gnolls
  3 adders
  2 shadow imps (D:6)
  2 white imps (D:7)
  An ufetubus (D:6)
  2 worms (D:3)
  A dart slug (D:4)
  56 orcs
  9 ball pythons
  2 bats
  7 endoplasms
  4 giant cockroaches
  5 goblins
  10 hobgoblins
  12 jackals (D:4)
  3 quokkas
  4 frilled lizards
  14 kobolds
  8 rats
242 creatures vanquished.

Vanquished Creatures (others)
  An orc (D:8)
1 creature vanquished.

Grand Total: 243 creatures vanquished

Notes
Turn   | Place    | Note
-------+----------+-------------------------------------------
     0 | D:1      | Fodor the Minotaur Fighter began the quest for the Orb.
     0 | D:1      | Reached XP level 1. HP: 19/19 MP: 0/0
   161 | D:1      | Reached XP level 2. HP: 19/27 MP: 1/1
   453 | D:1      | Reached XP level 3. HP: 27/33 MP: 2/2
   955 | D:2      | Found a burning altar of Makhleb.
  1513 | D:2      | Reached XP level 4. HP: 9/40 MP: 3/3
  1815 | D:2      | Reached skill level 5 in Armour
  3229 | D:3      | Found Qigol's Weapon Shop.
  3267 | D:3      | Found Ixeal's Weapon Shoppe.
  3284 | D:3      | Reached XP level 5. HP: 20/46 MP: 4/4
  3299 | D:3      | Reached skill level 5 in Shields
  3820 | D:3      | Found Xyhi's General Store.
  3828 | D:3      | Bought a potion of berserk rage for 70 gold pieces
  3882 | D:3      | Reached skill level 1 in Maces & Flails
  4110 | D:4      | Found Awou's Jewellery Emporium.
  4118 | D:4      | Reached XP level 6. HP: 53/53 MP: 5/5
  4141 | D:4      | Reached skill level 1 in Dodging
  4418 | D:4      | Found a burning altar of Makhleb.
  4557 | D:4      | Reached XP level 7. HP: 56/60 MP: 6/6
  4753 | D:4      | Reached skill level 5 in Maces & Flails
  4766 | D:4      | Reached skill level 5 in Fighting
  5501 | D:4      | Reached XP level 8. HP: 68/68 MP: 7/7
  5532 | D:4      | Found a broken altar of Ashenzari.
  6593 | D:5      | Entered Level 5 of the Dungeon
  6600 | D:5      | Found an ancient bone altar of Kikubaaqudgha.
  6656 | D:5      | Found a stormy altar of Qazlal.
  6701 | D:5      | Identified a scroll of acquirement
  6701 | D:5      | Acquired the scarf of Lugonu's Reproof {repulsion, +Inv
                  | rF+}
  6842 | D:5      | Noticed monsoonserge's ghost (novice MfGl)
  6845 | D:5      | Found a runed translucent door.
  6867 | D:5      | Killed monsoonserge's ghost
  6868 | D:5      | Reached skill level 1 in Ranged Weapons
  7352 | D:5      | Found a sparkling altar of Nemelex Xobeh.
  7898 | D:5      | Found an iron altar of Okawaru.
  7898 | D:5      | Found a bloodstained altar of Trog.
  8085 | D:6      | Reached skill level 1 in Stealth
  9184 | D:7      | Reached XP level 9. HP: 63/75 MP: 8/8
  9329 | D:7      | Found a blossoming altar of Fedhas.
  9334 | D:7      | Found a hide-covered altar of Uskayaw.
  9336 | D:7      | Found a glowing silver altar of Zin.
  9366 | D:7      | Found an ornate altar of the Wu Jian Council.
  9744 | D:7      | Found a shadowy altar of Dithmenos.
  9757 | D:7      | Noticed Joseph
  9766 | D:7      | Killed Joseph
  9772 | D:7      | Found a staircase to the Ecumenical Temple.
  9801 | Temple   | Entered the Ecumenical Temple
 10037 | Temple   | Became a worshipper of Gozag Ym Sagoz the Greedy
 10507 | D:8      | Noticed Psyche
 10533 | D:8      | Killed Psyche
 10734 | D:8      | Found a shimmering altar of Xom.
 11072 | D:9      | Noticed a kobold demonologist
 11087 | D:9      | Noticed an ice devil
 11091 | D:9      | Killed a kobold demonologist
 11232 | D:9      | Reached XP level 10. HP: 26/84 MP: 9/9
 11621 | D:9      | Noticed a two-headed ogre
 11633 | D:9      | Killed a two-headed ogre
 11634 | D:9      | Reached skill level 10 in Maces & Flails
 11914 | D:9      | Reached skill level 10 in Shields
 12302 | D:10     | Entered Level 10 of the Dungeon
 12308 | D:10     | Noticed a centaur warrior
 12308 | D:10     | Noticed Grum
 12309 | D:10     | Noticed an entropy weaver
 12310 | D:10     | Identified the +1 leather armour of Snakes and Ladders
                  | {rElec Will+}
 12322 | D:10     | an entropy weaver changed into a meliai
 12331 | D:10     | Killed Grum
 12530 | D:10     | Found a flagged portal.
 12568 | D:10     | HP: 3/86 [orc warrior/+0 battleaxe (7)]
 12569 | D:10     | Slain by an orc warrior

Illustrated notes

Levels and vault maps discovered:
D:1:      dpeg_arrival_chambers_temple_mockup, layout_loops_ring,
          dreamdust_princess_bridge, roderic_three_in_a_row,
          minmay_misc_feat_rows, corexii_hall_statues_x, st_stairs_8,
          minmay_misc_feat_nine_boxes, roderic_roman_lattice
D:2:      layout_basic, basic_altar, chequers_serial_rivers_large_a
D:3:      layout_rooms, serial_shops, shop, shop, shop, kennysheep_nub,
          item_on_display_a
D:4:      lemuel_castle_with_subvaults [lemuel_castle_interior_original],
          layout_rooms, evilmike_ruin_ashenzari, mainiacjoe_overflow_chevrons,
          minmay_misc_feat_tower, corexii_shack, grunt_ministairs_14,
          kennysheep_cross_room, minmay_shop_enchanted_jewellery
D:5:      layout_gridville, kennysheep_little_box, nemelex_diamond_rough_becter,
          mainiacjoe_overflow_paths, grunt_temple_overflow_bloody_war,
          hellmonk_ghost_happy_afterlife
D:6:      layout_basic
D:7:      layout_gridville, mainiacjoe_overflow_alcove_4,
          nicolae_overflow_quartered_altars, minmay_temple_entry_ruins,
          skrybe_limestone_x, uniq_joseph
D:8:      layout_loops_cross, xom_teletrap_fun, minivault_19, uniq_psyche
D:9:      layout_long_grid
D:10:     layout_cave_pods, david_lair_generic, enter_bailey_2, special_room
          [special_room_orc], minmay_mirror_moons_of_madness, uniq_grum
Temple:   grunt_temple_mini_profane

Skill      XL: |  1  2  3  4  5  6  7  8  9 10 |
---------------+-------------------------------+-----
Fighting       | 4 5 6 7 |  7.3
Armour         | 4 5 6 7 8 9 |  9.4
Shields        | 4 5 6 7 9 10 | 10.4
Long Blades    | 3 |  3.2
Maces & Flails | 2 4 5 7 9 10 | 10.9
Dodging        | 2 3 4 |  4.6
Ranged Weapons | 1 2 |  2.1
Stealth        | 1 |  1.8

Action                     |  1- 3 |  4- 6 |  7- 9 | 10-12 || total
---------------------------+-------+-------+-------+-------++-------
  Melee: Long sword        |    64 |    47 |       |       ||   111
         Headbutt          |    10 |    17 |    64 |    21 ||   112
         Flail             |       |   115 |   378 |   126 ||   619
   Fire: Sling             |       |     7 |     9 |       ||    16
  Throw: Stone             |     5 |     2 |       |       ||     7
    Use: Scroll            |       |     6 |     9 |     1 ||    16
         Potion            |       |       |     6 |     4 ||    10
   Stab: Distracted        |       |       |     1 |     3 ||     4
 Armour: Scale mail        |    34 |   106 |   107 |       ||   247
         Chain mail        |       |       |    21 |    61 ||    82
  Dodge: Dodged            |    24 |    98 |   115 |    42 ||   279
         Repelled          |       |       |       |     2 ||     2
  Block: Buckler           |    10 |    96 |    71 |       ||   177
         Kite shield       |       |       |   228 |   152 ||   380
         Reflection        |       |       |     5 |     2 ||     7
